 Dungeon Crawl Stone Soup version 0.20.1-1-g8b1a95d66d (webtiles) character file.

93 Ivernyr the Vandal (level 4, 0/29 HPs)
             Began as a Halfling Hunter on Nov 17, 2017.
             Slain by Natasha (6 damage)
             ... on level 2 of the Dungeon.
             The game lasted 00:06:30 (2191 turns).

Ivernyr the Vandal (Halfling Hunter)                Turns: 2191, Time: 00:06:31

Health: 0/29       AC:  3    Str: 13    XL:     4   Next: 92%
Magic:  4/4        EV: 15    Int: 10    God:
Gold:   73         SH:  0    Dex: 14    Spells: 3/3 levels left

rFire    . . .     SeeInvis .   a - +1 hunting sling
rCold    . . .     Gourm    .   (shield restricted)
rNeg     . . .     Faith    .   c - +0 leather armour
rPois    .         Spirit   .   (no helmet)
rElec    .         Reflect  .   (no cloak)
rCorr    .         Harm     .   (no gloves)
MR       .....                  (no boots)
Stlth    +.........             (no amulet)
Regen    0.1/turn               (no ring)
MPRegen  0.1/turn               (no ring)

@: no status effects
A: mutation resistance 1
a: no special abilities


You were on level 2 of the Dungeon.
You were very hungry.

You visited 1 branch of the dungeon, and saw 2 of its levels.

You collected 73 gold pieces.

Inventory:

Hand Weapons
 a - a +1 hunting sling (weapon)
 b - a +0 short sword
Missiles
 d - 20 sling bullets
 h - 93 stones (quivered)
Armour
 c - a +0 leather armour (worn)
 m - a +0 buckler
Scrolls
 e - a scroll of amnesia {unknown}
 i - 2 scrolls of random uselessness {unknown}
 k - 4 scrolls of remove curse {unknown}
 l - 2 scrolls of identify {unknown}
 o - a scroll of teleportation {unknown}
Potions
 j - 2 potions of mutation {unknown}
Comestibles
 f - 3 bread rations
 g - 2 meat rations
 n - 2 royal jellies


   Skills:
 - Level 2.2 Fighting
 * Level 7.3 Slings
 + Level 3.2 Dodging
 - Level 1.1 Stealth
 + Level 0.9 Shields


You had 3 spell levels left.
You didn't know any spells.

Dungeon Overview and Level Annotations

Branches:
Dungeon (2/15)

Altars:
Dithmenos

Annotations:
D:2 Natasha


Innate Abilities, Weirdness & Mutations

You are small and have problems with some larger weapons.
You are somewhat resistant to further mutation.


Message History

Aim: Natasha (moderately wounded)
You shoot a stone.
The stone hits Natasha but does no damage.
Natasha is moderately wounded.
The crimson imp grinds its teeth.
Firing (i - inventory. (,) - cycle):
h - 95 stones (quivered)
Press: ? - help, Shift-Dir - straight line, f/p - Natasha
Aim: Natasha (moderately wounded)
You shoot a stone. The stone barely misses Natasha.
The stone hits the crimson imp!
The crimson imp is severely wounded.
Natasha closely misses you.
Firing (i - inventory. (,) - cycle):
h - 94 stones (quivered)
Press: ? - help, Shift-Dir - straight line, f/p - Natasha
Aim: Natasha (moderately wounded)
You shoot a stone. The stone hits Natasha.
Natasha is moderately wounded.
The crimson imp disappears in a puff of smoke!
Natasha claws you.
You die...

############## #.............
####.###.######## ...#.# #.#
.#.#####.# ####### ##.#.....#
#.@h§5# ...#.....# #.###.#
####..##.## #.###.#############
...#..#...#####....h##.....(.##..
##......_..........h..55....(....
######...#..#...................
# ##.##..##................†.
#### #.....#...................
...# #.....#.................>.


You could see Natasha and a shadow imp.

Vanquished Creatures
  3 adders (D:2)
  An ooze (D:1)
  2 worms (D:2)
  A dart slug (D:1)
  A leopard gecko (D:1)
  A ball python (D:2)
  8 goblins
  9 hobgoblins
  2 jackals (D:2)
  A bat (D:1)
  3 frilled lizards
  13 kobolds
  7 rats
52 creatures vanquished.

Notes
Turn   | Place    | Note
-------+----------+-------------------------------------------
     0 | D:1      | Ivernyr the Halfling Hunter began the quest for the Orb.
     0 | D:1      | Reached XP level 1. HP: 14/14 MP: 1/1
   164 | D:1      | Reached skill level 6 in Slings
   360 | D:1      | Reached XP level 2. HP: 19/19 MP: 2/2
   635 | D:1      | Reached XP level 3. HP: 19/24 MP: 3/3
  1000 | D:1      | You fall through a shaft!
  1002 | D:2      | Found a shadowy altar of Dithmenos.
  1603 | D:2      | Reached skill level 7 in Slings
  1603 | D:2      | Reached XP level 4. HP: 18/29 MP: 4/4
  2154 | D:2      | Noticed Natasha
  2191 | D:2      | Slain by Natasha

Skill      XL: |  1  2  3  4 |
---------------+-------------+-----
Fighting       | 2 |  2.2
Slings         | 6 7 |  7.3
Dodging        | 3 |  3.2
Stealth        | |  1.1
Shields        | |  0.9

Action                   |  1- 3 |  4- 6 || total
-------------------------+-------+-------++-------
Melee: Short sword       |   111 |    23 ||   134
 Fire: Hunting sling     |    12 |    43 ||    55
 Stab: Distracted        |     1 |       ||     1
       Sleeping          |     2 |       ||     2
  Eat: Chunk             |     2 |     1 ||     3
Armor: Leather armour    |    14 |    13 ||    27
Dodge: Dodged            |    94 |    51 ||   145
